 Dungeon Crawl Stone Soup version 0.14-a0-2432-g6b3afca (webtiles) character file.

63 4tharraofdagon the Grave Robber (level 3, -11/27 HPs)
             Began as a Demonspawn Necromancer on Feb 4, 2014.
             Killed by miscasting Regeneration (19 damage)
             ... on Level 2 of the Dungeon.
             The game lasted 00:03:22 (536 turns).

4tharraofdagon the Grave Robber (DsNe)               Turns: 536, Time: 00:03:30

HP -11/27        AC  7     Str  9      XL: 3   Next: 17%
MP   0/6         EV  9     Int 16      God:
Gold 28          SH  0     Dex 13      Spells:  2 memorised,  2 levels left

rFire  + . .     SeeInvis .     e - scroll of enchant armour {unknown}
rCold  . . .     Clarity  .     h - +2 ring mail {rF+}
rNeg   . . .     Conserve .     (no shield)
rPois  .         rCorr    .     (no helmet)
rElec  .         rRot     .     (no cloak)
SustAb . .       Spirit   .     (no gloves)
rMut   .         Warding  .     (no boots)
Saprov . . .     Stasis   .     (no amulet)
MR     .....                    (no ring)
                                d - ring of sustenance {unknown}

@: very slightly contaminated, not resistant to hostile enchantments, unstealthy
A: powered by pain 1
a: no special abilities


You were on level 2 of the Dungeon.
You were not hungry.

You visited 1 branch of the dungeon, and saw 2 of its levels.

You collected 28 gold pieces.

Inventory:

Hand weapons
 l - a +0,+0 short sword
Armour
 a - a +0 robe
 h - a +2 ring mail of fire resistance (worn)
Comestibles
 c - 3 bread rations
 j - a meat ration
Scrolls
 e - a scroll of enchant armour (in hand) {unknown}
 f - a scroll of noise {unknown}
 i - a scroll of fear {unknown}
Jewellery
 d - a ring of sustenance (left hand) {unknown}
 g - an uncursed amulet of inaccuracy {unknown}
Books
 b - a book of Necromancy

   Spells                             Type                      Level
   *Pain                              Necromancy                   1
   Animate Skeleton                   Necromancy                   1
   Lethal Infusion                    Charms/Necromancy            2
   Vampiric Draining                  Necromancy                   3
   *Regeneration                      Charms/Necromancy            3
   Animate Dead                       Necromancy                   4
   Control Undead                     Necromancy                   4


   Skills:
 * Level 2.0 Fighting
 + Level 0.0 Armour
 + Level 2.2 Dodging
 - Level 1.7 Stealth
 + Level 2.1 Spellcasting
 + Level 4.4 Necromancy


You had 2 spell levels left.
You knew the following spells:

 Your Spells              Type           Power        Failure   Level  Hunger
a - Pain                  Necr           ###.         8%          1    #......
b - Regeneration          Chrm/Necr      #.........   56%         3    ####...


Dungeon Overview and Level Annotations

Branches:
Dungeon (2/16)

Altars:


Innate Abilities, Weirdness & Mutations

You sometimes gain a little power by taking damage.


Message History

e - a scroll labeled YQOR FOUNICHOFF (in hand)
You swing at nothing.
You swing at nothing.
You swing at nothing.
You swing at nothing.
You swing at nothing.
You feel a little less clever now.
You swing at nothing.
You swing at nothing.
You swing at nothing.
Casting: Pain
Confirm with . or Enter, or press ? or * to list all spells.
Okay, then.
Casting: Pain
Confirm with . or Enter, or press ? or * to list all spells.
You miscast Regeneration.
You are very lightly contaminated with residual magic.
Pain shoots through your body!
Ouch! That really hurt!
You die...

####.#.##############
#...................##
#...........#######.#.
#...........##....#)#
#............#.##.#.##
#....)#......#........
#............#....#...
#.#.....#......#.#..#...
#.....[@................
#########..#####.###.##.##
#..........# #.# #.##.##
#..........#####.# #.##.##
.##................###.##.##
.............#..........#.##
###..........#..........#...
#########+##..........###.
#..........# #.


There were no monsters in sight!

Vanquished Creatures
  An adder (D:2)
  3 bats
  A goblin (D:2)
  6 hobgoblins
  A jackal (D:2)
  5 kobolds
  A quokka (D:2)
  2 giant cockroaches (D:1)
  3 giant newts
  A rat (D:1)
24 creatures vanquished.

Notes
Turn   | Place    | Note
--------------------------------------------------------------
     0 | D:1      | 4tharraofdagon, the Demonspawn Necromancer, began the quest for the Orb.
     0 | D:1      | Reached XP level 1. HP: 13/13 MP: 3/3
    79 | D:1      | Reached skill level 1 in Fighting
   115 | D:1      | FU
   186 | D:1      | Gained mutation: You sometimes gain a little power by taking damage. [demonic ancestry]
   186 | D:1      | Reached XP level 2. HP: 18/21 MP: 0/4
   510 | D:2      | Reached XP level 3. HP: 6/27 MP: 0/6
   527 | D:2      | Learned a level 3 spell: Regeneration
   536 | D:2      | Killed by miscasting Regeneration

Action                   || total
-------------------------++-------
Melee: Unarmed           ||    44
 Cast: Pain              ||    34
  Use: Potion            ||     2
